Connexion

MINNESOTA Wild vs ST. LOUIS Blues

Created - 10 septembre 2023 at 05:57

Goals
1 2 3 OT1 T
MINNESOTA Wild 1 1 1 1 4
ST. LOUIS Blues 1 1 1 0 3
Shots
1 2 3 OT1 T
MINNESOTA Wild 9 9 14 5 37
ST. LOUIS Blues 3 12 11 1 27

GoalsPenalties
1st period
1. MINNESOTA Wild , Ty Smith 1 (Jordan Greenway 4, Tyler Toffoli 5) at 3:52 (PP)
2. ST. LOUIS Blues , Brendan Gallagher 7 (Jeremy Lauzon 1, Dylan Larkin 12) at 8:11
Gemel Smith (STL) for Hooking (Minor) at 2:14
Phillip Danault (STL) for High sticking (Minor) at 18:47
2nd period
3. ST. LOUIS Blues , Craig Smith 5 (Jeremy Lauzon 2, Gemel Smith 7) at 3:27
4. MINNESOTA Wild , Ryan Murray 7 (Frank Vatrano 10, Danton Heinen 7) at 8:29
Brayden McNabb (STL) for Interference (Minor) at 11:34
Zach Whitecloud (STL) for Hooking (Minor) at 11:37
3rd period
5. ST. LOUIS Blues , Jaden Schwartz 5 (Justin Schultz 16, David Perron 4) at 3:45 (PP)
6. MINNESOTA Wild , Frank Vatrano 9 (Danton Heinen 8, Viktor Arvidsson 1) at 15:43
Jordan Eberle (MIN) for Holding (Minor) at 1:59
Brendan Gallagher (STL) for Tripping (Minor) at 8:16
Zach Whitecloud (STL) for Cross-checking (Minor) at 10:59
Matthew Highmore (STL) for Cross-checking (Minor) at 18:05
Zach Whitecloud (STL) for Holding (Minor) at 18:46
Overtime #1
7. MINNESOTA Wild , Jordan Eberle 5 (Jordan Greenway 5) at 1:57
No Penalty
Goalie Stats
Scott Wedgewood (MIN), 24 saves from 27 shots - (0,889), W, 3-1-1, 61:58 minutes
Mackenzie Blackwood (STL), 33 saves from 37 shots - (0,892), OTL, 8-3-1, 61:58 minutes
3 StarsOfficial
1 - Frank Vatrano (MIN)
2 - Jeremy Lauzon (STL)
3 - Danton Heinen (MIN)
Referees : Francois StLaurent and Kerry Fraser
Linesman : Pierre Champoux and Vaughan Rody
Game Note
No Game Note
Finance
Level 1 -- Attendance: 6000 (100,00%) -- Ticket Income 780 000 $
Level 2 -- Attendance: 5331 (86,68%) -- Ticket Income 405 156 $
Level 3 -- Attendance: 1597 (79,85%) -- Ticket Income 92 626 $
Level 4 -- Attendance: 4000 (100,00%) -- Ticket Income 148 000 $
Luxury Box -- Attendance: 969 (96,90%) -- Ticket Income 271 320 $
Game was played at the Scottrade Center.
Total Attendance: 17897 (93,46%)
Total Ticket Income: 1 697 102 $
Other Income: 339 420 $
Total Income: 2 036 522 $



Team Name Goals Shots Shots Attemp Shots Blocked PIM HIT PP PK FO%
MINNESOTA Wild 4377452151 / 8 (13%)156%
ST. LOUIS Blues 327401516181 / 1 (100%)144%

MINNESOTA Wild
Player Name POS G A P +/- PIM HIT SHT SB MP PP MP PP SHT PK MP PK SHT FO% FOT
Casey FitzgeraldD000-1030016:300:4200:5400% 0
Christian DvorakC/LW000000105:240:0000:0000% 0
Danton HeinenC/LW/RW0221013018:175:3420:00040% 5
Frank VatranoC/LW/RW1121034017:024:2410:00056% 25
Jordan EberleC/RW1011212021:336:3000:00044% 34
Jordan GreenwayLW/RW0220025116:100:4210:000100% 1
Kevin RooneyC000000207:220:0000:28063% 8
Kyle ConnorLW0000013021:216:3010:00050% 2
Marko DanoC/LW/RW000000005:340:0000:0000% 0
Mike MathesonD0002011025:335:3000:0000% 0
Nick BjugstadC/RW0000003020:395:2010:2800% 0
Ryan MurrayD1011003025:035:3010:5200% 0
Scott LaughtonC/LW000-1002016:000:4201:18079% 19
Ty SmithD101-1001221:006:0610:0000% 0
Tyler ToffoliLW/RW011-1012115:500:4201:1800% 1
Victor MeteD0000011114:410:0000:5200% 0
Viktor ArvidssonLW/RW0111010017:024:2400:0000% 0
Will ButcherD0000004019:575:2420:5400% 0
ST. LOUIS Blues
Player Name POS G A P +/- PIM HIT SHT SB MP PP MP PP SHT PK MP PK SHT FO% FOT
Brayden McNabbD000-2210323:411:0304:1700% 0
Brendan GallagherRW1010224117:231:0300:000100% 1
Chris TierneyC000-100109:140:0001:02053% 15
Craig SmithC/RW1011002014:310:0005:3600% 1
David PerronC/LW/RW011-1012015:100:4300:0000% 1
Dylan LarkinC/LW0110013017:241:0300:00038% 24
Gemel SmithC/LW/RW0111223011:500:0002:59162% 13
Jaden SchwartzLW101-1002015:100:4310:0000% 1
James NealLW/RW000002008:261:2300:0000% 2
Jeremy LauzonD0222010011:180:0000:5900% 0
Jesper BrattLW/RW000-1004018:551:0300:2200% 1
Jonas BrodinD000-1030225:380:2306:0400% 0
Justin SchultzD011-1012626:320:2007:0100% 0
Luke SchennD0002000113:010:0002:3900% 0
Marcus FolignoLW0001000011:190:0002:2400% 2
Matthew HighmoreC/LW/RW000021309:110:0002:09033% 3
Phillip DanaultC000-1210021:160:4306:07048% 31
Zach WhitecloudD000-1621221:070:2303:3200% 0



Play-by-Play

1st period


0:01 of 1st period - Jordan Eberle wins face-off versus Jesper Bratt in neutral zone.
0:12 of 1st period - Kyle Connor is hit by Brendan Gallagher and loses puck.
1:47 of 1st period - Frank Vatrano is hit by David Perron and loses puck.
2:14 of 1st period - Minor Penalty to Gemel Smith for Hooking.
2:15 of 1st period - Jordan Eberle wins face-off versus Phillip Danault in ST. LOUIS Blues zone.
2:30 of 1st period - Shot by Ryan Murray.
2:30 of 1st period - Shot Blocked by Justin Schultz.
2:32 of 1st period - Shot by Ryan Murray.
2:32 of 1st period - Shot Blocked by Zach Whitecloud.
3:19 of 1st period - Icing by Casey Fitzgerald.
3:20 of 1st period - Scott Laughton wins face-off versus Chris Tierney in MINNESOTA Wild zone.
3:25 of 1st period - Zach Whitecloud is hit by Jordan Greenway and loses puck.
3:50 of 1st period - Shot by Jordan Greenway.
3:50 of 1st period - Stopped by Mackenzie Blackwood with a rebound.
3:52 of 1st period - Shot by Ty Smith.
3:52 of 1st period - Goal by Ty Smith - MINNESOTA Wild : 1 - ST. LOUIS Blues : 0.
3:53 of 1st period - Kevin Rooney wins face-off versus Dylan Larkin in neutral zone.
4:18 of 1st period - Shot by Dylan Larkin.
4:18 of 1st period - Shot Misses the Net.
4:20 of 1st period - Shot by Jesper Bratt.
4:20 of 1st period - Stopped by Scott Wedgewood without a rebound.
4:21 of 1st period - Scott Laughton wins face-off versus Matthew Highmore in MINNESOTA Wild zone.
4:36 of 1st period - Shot by Scott Laughton.
4:36 of 1st period - Stopped by Mackenzie Blackwood without a rebound.
4:37 of 1st period - Jordan Eberle wins face-off versus Gemel Smith in ST. LOUIS Blues zone.
4:44 of 1st period - Shot by Nick Bjugstad.
4:44 of 1st period - Shot Misses the Net.
4:47 of 1st period - Jordan Eberle is hit by Jeremy Lauzon and loses puck.
5:54 of 1st period - Scott Laughton is hit by Zach Whitecloud and loses puck.
6:09 of 1st period - Shot by Jaden Schwartz.
6:09 of 1st period - Shot Blocked by Ty Smith.
6:23 of 1st period - Shot by Jaden Schwartz.
6:23 of 1st period - Shot Misses the Net.
6:50 of 1st period - Off-side.
6:51 of 1st period - Kevin Rooney wins face-off versus Dylan Larkin in neutral zone.
6:53 of 1st period - Off-side.
6:54 of 1st period - Jordan Eberle wins face-off versus Chris Tierney in neutral zone.
7:23 of 1st period - Shot by Jordan Eberle.
7:23 of 1st period - Shot Blocked by Justin Schultz.
7:25 of 1st period - Shot by Mike Matheson.
7:25 of 1st period - Shot Misses the Net.
8:09 of 1st period - Shot by Dylan Larkin.
8:09 of 1st period - Shot Blocked by Jordan Greenway.
8:11 of 1st period - Shot by Jeremy Lauzon.
8:11 of 1st period - Deflect By Brendan Gallagher.
8:11 of 1st period - Goal by Brendan Gallagher - MINNESOTA Wild : 1 - ST. LOUIS Blues : 1.
8:12 of 1st period - Frank Vatrano wins face-off versus Marcus Foligno in neutral zone.
8:29 of 1st period - Shot by Will Butcher.
8:29 of 1st period - Stopped by Mackenzie Blackwood without a rebound.
8:30 of 1st period - Scott Laughton wins face-off versus Dylan Larkin in ST. LOUIS Blues zone.
8:40 of 1st period - Off-side.
8:41 of 1st period - Frank Vatrano wins face-off versus Phillip Danault in neutral zone.
8:59 of 1st period - Off-side.
9:00 of 1st period - Scott Laughton wins face-off versus Dylan Larkin in neutral zone.
9:11 of 1st period - Shot by Jordan Greenway.
9:11 of 1st period - Shot Blocked by Brayden McNabb.
9:13 of 1st period - Shot by Tyler Toffoli.
9:13 of 1st period - Shot Misses the Net.
9:15 of 1st period - Shot by Tyler Toffoli.
9:15 of 1st period - Shot Blocked by Brayden McNabb.
9:56 of 1st period - Icing by Mike Matheson.
9:57 of 1st period - Phillip Danault wins face-off versus Scott Laughton in MINNESOTA Wild zone.
10:17 of 1st period - Icing by Phillip Danault.
10:18 of 1st period - Phillip Danault wins face-off versus Jordan Eberle in ST. LOUIS Blues zone.
10:53 of 1st period - Shot by Nick Bjugstad.
10:53 of 1st period - Shot Blocked by Jonas Brodin.
11:08 of 1st period - Icing by Jaden Schwartz.
11:09 of 1st period - Phillip Danault wins face-off versus Danton Heinen in ST. LOUIS Blues zone.
11:09 of 1st period - Phillip Danault is hit by Frank Vatrano.
11:44 of 1st period - Will Butcher is hit by Dylan Larkin and loses puck.
11:53 of 1st period - Shot by Jesper Bratt.
11:53 of 1st period - Deflect By Brendan Gallagher.
11:53 of 1st period - Stopped by Scott Wedgewood with a rebound.
12:44 of 1st period - Shot by Matthew Highmore.
12:44 of 1st period - Shot Misses the Net.
12:50 of 1st period - Shot by James Neal.
12:50 of 1st period - Shot Misses the Net.
13:56 of 1st period - Craig Smith is hit by Jordan Eberle and loses puck.
14:13 of 1st period - Shot by Nick Bjugstad.
14:13 of 1st period - Stopped by Mackenzie Blackwood without a rebound.
14:14 of 1st period - Scott Laughton wins face-off versus Phillip Danault in ST. LOUIS Blues zone.
16:06 of 1st period - Icing by Luke Schenn.
16:07 of 1st period - Frank Vatrano wins face-off versus Dylan Larkin in ST. LOUIS Blues zone.
16:10 of 1st period - Shot by Mike Matheson.
16:10 of 1st period - Stopped by Mackenzie Blackwood with a rebound.
16:12 of 1st period - Shot by Viktor Arvidsson.
16:12 of 1st period - Deflect By Frank Vatrano.
16:12 of 1st period - Stopped by Mackenzie Blackwood without a rebound.
16:13 of 1st period - Gemel Smith wins face-off versus Frank Vatrano in ST. LOUIS Blues zone.
17:55 of 1st period - Shot by Nick Bjugstad.
17:55 of 1st period - Shot Misses the Net.
17:57 of 1st period - Shot by Ty Smith.
17:57 of 1st period - Shot Blocked by Luke Schenn.
18:18 of 1st period - Icing by Matthew Highmore.
18:19 of 1st period - Scott Laughton wins face-off versus Chris Tierney in ST. LOUIS Blues zone.
18:24 of 1st period - Shot by Tyler Toffoli.
18:24 of 1st period - Shot Misses the Net.
18:26 of 1st period - Shot by Tyler Toffoli.
18:26 of 1st period - Stopped by Mackenzie Blackwood without a rebound.
18:27 of 1st period - Scott Laughton wins face-off versus David Perron in ST. LOUIS Blues zone.
18:47 of 1st period - Minor Penalty to Phillip Danault for High sticking.
18:48 of 1st period - Frank Vatrano wins face-off versus Matthew Highmore in ST. LOUIS Blues zone.
18:59 of 1st period - Shot by Frank Vatrano.
18:59 of 1st period - Stopped by Mackenzie Blackwood with a rebound.
Goals for this period are 1 for MINNESOTA Wild vs 1 for ST. LOUIS Blues .
Shots for this period are 9 for MINNESOTA Wild vs 3 for ST. LOUIS Blues .

2nd period


0:01 of 2nd period - Matthew Highmore wins face-off versus Jordan Eberle in neutral zone.
0:36 of 2nd period - Shot by Kyle Connor.
0:36 of 2nd period - Shot Misses the Net.
0:38 of 2nd period - Shot by Kyle Connor.
0:38 of 2nd period - Shot Misses the Net.
0:40 of 2nd period - Shot by Danton Heinen.
0:40 of 2nd period - Shot Misses the Net.
0:42 of 2nd period - Shot by Danton Heinen.
0:42 of 2nd period - Stopped by Mackenzie Blackwood without a rebound.
0:43 of 2nd period - Chris Tierney wins face-off versus Frank Vatrano in ST. LOUIS Blues zone.
0:43 of 2nd period - Craig Smith is hit by Viktor Arvidsson and loses puck.
1:23 of 2nd period - Off-side.
1:24 of 2nd period - Kevin Rooney wins face-off versus Dylan Larkin in neutral zone.
1:33 of 2nd period - Marko Dano is hit by Jonas Brodin and loses puck.
1:56 of 2nd period - Shot by Jesper Bratt.
1:56 of 2nd period - Shot Blocked by Victor Mete.
2:30 of 2nd period - Icing by Mike Matheson.
2:31 of 2nd period - Jordan Eberle wins face-off versus James Neal in MINNESOTA Wild zone.
2:46 of 2nd period - Shot by Jordan Eberle.
2:46 of 2nd period - Shot Blocked by Zach Whitecloud.
2:48 of 2nd period - Shot by Nick Bjugstad.
2:48 of 2nd period - Stopped by Mackenzie Blackwood without a rebound.
2:49 of 2nd period - Frank Vatrano wins face-off versus Gemel Smith in ST. LOUIS Blues zone.
3:27 of 2nd period - Shot by Craig Smith.
3:27 of 2nd period - Goal by Craig Smith - MINNESOTA Wild : 1 - ST. LOUIS Blues : 2.
3:28 of 2nd period - Chris Tierney wins face-off versus Jordan Eberle in neutral zone.
4:14 of 2nd period - Nick Bjugstad is hit by James Neal and loses puck.
4:30 of 2nd period - Ryan Murray is hit by Brendan Gallagher and loses puck.
5:16 of 2nd period - Shot by Frank Vatrano.
5:16 of 2nd period - Shot Misses the Net.
6:06 of 2nd period - Scott Laughton is hit by Brayden McNabb and loses puck.
6:15 of 2nd period - Shot by Gemel Smith.
6:15 of 2nd period - Stopped by Scott Wedgewood without a rebound.
6:16 of 2nd period - Chris Tierney wins face-off versus Kevin Rooney in MINNESOTA Wild zone.
6:36 of 2nd period - Shot by Matthew Highmore.
6:36 of 2nd period - Stopped by Scott Wedgewood without a rebound.
6:37 of 2nd period - Dylan Larkin wins face-off versus Jordan Eberle in MINNESOTA Wild zone.
6:38 of 2nd period - Shot by Brendan Gallagher.
6:38 of 2nd period - Shot Blocked by Ty Smith.
6:40 of 2nd period - Shot by Zach Whitecloud.
6:40 of 2nd period - Stopped by Scott Wedgewood without a rebound.
6:41 of 2nd period - Brendan Gallagher wins face-off versus Jordan Eberle in MINNESOTA Wild zone.
7:05 of 2nd period - Brendan Gallagher is hit by Casey Fitzgerald.
7:11 of 2nd period - Shot by Jesper Bratt.
7:11 of 2nd period - Deflect By Dylan Larkin.
7:11 of 2nd period - Stopped by Scott Wedgewood without a rebound.
7:12 of 2nd period - Frank Vatrano wins face-off versus Phillip Danault in MINNESOTA Wild zone.
7:28 of 2nd period - Icing by Phillip Danault.
7:29 of 2nd period - Scott Laughton wins face-off versus Phillip Danault in ST. LOUIS Blues zone.
8:27 of 2nd period - Shot by Frank Vatrano.
8:27 of 2nd period - Shot Misses the Net.
8:29 of 2nd period - Shot by Ryan Murray.
8:29 of 2nd period - Goal by Ryan Murray - MINNESOTA Wild : 2 - ST. LOUIS Blues : 2.
8:30 of 2nd period - Dylan Larkin wins face-off versus Jordan Eberle in neutral zone.
8:52 of 2nd period - Shot by Jesper Bratt.
8:52 of 2nd period - Deflect By Brendan Gallagher.
8:52 of 2nd period - Stopped by Scott Wedgewood with a rebound.
9:23 of 2nd period - Icing by Casey Fitzgerald.
9:24 of 2nd period - Gemel Smith wins face-off versus Jordan Eberle in MINNESOTA Wild zone.
9:27 of 2nd period - Shot by Marcus Foligno.
9:27 of 2nd period - Deflect By Gemel Smith.
9:27 of 2nd period - Stopped by Scott Wedgewood without a rebound.
9:28 of 2nd period - Gemel Smith wins face-off versus Danton Heinen in MINNESOTA Wild zone.
9:42 of 2nd period - Off-side.
9:43 of 2nd period - Chris Tierney wins face-off versus Scott Laughton in neutral zone.
9:43 of 2nd period - Justin Schultz is hit by Tyler Toffoli and loses puck.
10:45 of 2nd period - Icing by Viktor Arvidsson.
10:46 of 2nd period - Danton Heinen wins face-off versus Dylan Larkin in MINNESOTA Wild zone.
11:02 of 2nd period - Shot by Danton Heinen.
11:02 of 2nd period - Stopped by Mackenzie Blackwood without a rebound.
11:03 of 2nd period - Gemel Smith wins face-off versus Jordan Eberle in ST. LOUIS Blues zone.
11:12 of 2nd period - Shot by Craig Smith.
11:12 of 2nd period - Stopped by Scott Wedgewood without a rebound.
11:13 of 2nd period - Frank Vatrano wins face-off versus Dylan Larkin in MINNESOTA Wild zone.
11:34 of 2nd period - Minor Penalty to Brayden McNabb for Interference.
11:35 of 2nd period - Jordan Eberle wins face-off versus Phillip Danault in ST. LOUIS Blues zone.
11:37 of 2nd period - Minor Penalty to Zach Whitecloud for Hooking.
11:38 of 2nd period - Phillip Danault wins face-off versus Frank Vatrano in ST. LOUIS Blues zone.
12:40 of 2nd period - Will Butcher is hit by Gemel Smith and loses puck.
13:06 of 2nd period - Shot by Will Butcher.
13:06 of 2nd period - Stopped by Mackenzie Blackwood without a rebound.
13:07 of 2nd period - Phillip Danault wins face-off versus Jordan Eberle in ST. LOUIS Blues zone.
13:23 of 2nd period - Icing by Will Butcher.
13:24 of 2nd period - Phillip Danault wins face-off versus Kyle Connor in MINNESOTA Wild zone.
13:45 of 2nd period - Shot by Jordan Greenway.
13:45 of 2nd period - Stopped by Mackenzie Blackwood without a rebound.
13:46 of 2nd period - Jordan Greenway wins face-off versus Dylan Larkin in ST. LOUIS Blues zone.
13:59 of 2nd period - Shot by Tyler Toffoli.
13:59 of 2nd period - Stopped by Mackenzie Blackwood without a rebound.
14:00 of 2nd period - Phillip Danault wins face-off versus Kevin Rooney in ST. LOUIS Blues zone.
14:18 of 2nd period - Phillip Danault is hit by Casey Fitzgerald and loses puck.
14:31 of 2nd period - Shot by David Perron.
14:31 of 2nd period - Stopped by Scott Wedgewood without a rebound.
14:32 of 2nd period - Gemel Smith wins face-off versus Jordan Eberle in MINNESOTA Wild zone.
14:50 of 2nd period - Shot by Justin Schultz.
14:50 of 2nd period - Stopped by Scott Wedgewood with a rebound.
14:55 of 2nd period - Mike Matheson is hit by Gemel Smith and loses puck.
15:04 of 2nd period - Shot by Nick Bjugstad.
15:04 of 2nd period - Shot Misses the Net.
15:06 of 2nd period - Shot by Jordan Eberle.
15:06 of 2nd period - Stopped by Mackenzie Blackwood without a rebound.
15:07 of 2nd period - Dylan Larkin wins face-off versus Frank Vatrano in ST. LOUIS Blues zone.
15:21 of 2nd period - Brendan Gallagher is hit by Victor Mete and loses puck.
16:02 of 2nd period - Shot by Jordan Greenway.
16:02 of 2nd period - Stopped by Mackenzie Blackwood without a rebound.
16:03 of 2nd period - Phillip Danault wins face-off versus Jordan Eberle in ST. LOUIS Blues zone.
16:32 of 2nd period - Shot by Justin Schultz.
16:32 of 2nd period - Stopped by Scott Wedgewood without a rebound.
16:33 of 2nd period - Scott Laughton wins face-off versus Gemel Smith in MINNESOTA Wild zone.
17:05 of 2nd period - Off-side.
17:06 of 2nd period - Jordan Eberle wins face-off versus Phillip Danault in neutral zone.
17:25 of 2nd period - Shot by Jaden Schwartz.
17:25 of 2nd period - Stopped by Scott Wedgewood without a rebound.
17:26 of 2nd period - Dylan Larkin wins face-off versus Frank Vatrano in MINNESOTA Wild zone.
19:07 of 2nd period - Jesper Bratt is hit by Casey Fitzgerald and loses puck.
19:43 of 2nd period - Shot by Scott Laughton.
19:43 of 2nd period - Shot Misses the Net.
Goals for this period are 1 for MINNESOTA Wild vs 1 for ST. LOUIS Blues .
Shots for this period are 9 for MINNESOTA Wild vs 12 for ST. LOUIS Blues .

3rd period


0:01 of 3rd period - Jordan Eberle wins face-off versus Gemel Smith in neutral zone.
0:15 of 3rd period - Shot by Jordan Eberle.
0:15 of 3rd period - Shot Misses the Net.
0:17 of 3rd period - Shot by Ryan Murray.
0:17 of 3rd period - Stopped by Mackenzie Blackwood without a rebound.
0:18 of 3rd period - Phillip Danault wins face-off versus Frank Vatrano in ST. LOUIS Blues zone.
0:18 of 3rd period - Phillip Danault is hit by Danton Heinen.
0:21 of 3rd period - Icing by David Perron.
0:22 of 3rd period - Frank Vatrano wins face-off versus Phillip Danault in ST. LOUIS Blues zone.
0:48 of 3rd period - Icing by Ryan Murray.
0:49 of 3rd period - Gemel Smith wins face-off versus Frank Vatrano in MINNESOTA Wild zone.
1:08 of 3rd period - Shot by Danton Heinen.
1:08 of 3rd period - Shot Blocked by Justin Schultz.
1:53 of 3rd period - Nick Bjugstad is hit by Jonas Brodin and loses puck.
1:59 of 3rd period - Minor Penalty to Jordan Eberle for Holding.
2:00 of 3rd period - Scott Laughton wins face-off versus Dylan Larkin in MINNESOTA Wild zone.
2:28 of 3rd period - Icing by Brayden McNabb.
2:29 of 3rd period - Dylan Larkin wins face-off versus Tyler Toffoli in ST. LOUIS Blues zone.
3:25 of 3rd period - Off-side.
3:26 of 3rd period - Scott Laughton wins face-off versus Phillip Danault in neutral zone.
3:45 of 3rd period - Shot by Jaden Schwartz.
3:45 of 3rd period - Goal by Jaden Schwartz - MINNESOTA Wild : 2 - ST. LOUIS Blues : 3.
3:46 of 3rd period - Gemel Smith wins face-off versus Jordan Eberle in neutral zone.
3:50 of 3rd period - Icing by Ty Smith.
3:51 of 3rd period - Jordan Eberle wins face-off versus Marcus Foligno in MINNESOTA Wild zone.
3:55 of 3rd period - Icing by Ty Smith.
3:56 of 3rd period - Dylan Larkin wins face-off versus Jordan Eberle in MINNESOTA Wild zone.
4:16 of 3rd period - Justin Schultz is hit by Kyle Connor and loses puck.
4:31 of 3rd period - Shot by Kyle Connor.
4:31 of 3rd period - Stopped by Mackenzie Blackwood without a rebound.
4:32 of 3rd period - Frank Vatrano wins face-off versus Jaden Schwartz in ST. LOUIS Blues zone.
4:36 of 3rd period - Icing by Zach Whitecloud.
4:37 of 3rd period - Frank Vatrano wins face-off versus Phillip Danault in ST. LOUIS Blues zone.
5:13 of 3rd period - Off-side.
5:14 of 3rd period - Chris Tierney wins face-off versus Jordan Eberle in neutral zone.
5:17 of 3rd period - Nick Bjugstad is hit by Matthew Highmore and loses puck.
5:29 of 3rd period - Jordan Eberle is hit by Justin Schultz and loses puck.
5:36 of 3rd period - Will Butcher is hit by James Neal and loses puck.
5:45 of 3rd period - Shot by Matthew Highmore.
5:45 of 3rd period - Stopped by Scott Wedgewood without a rebound.
5:46 of 3rd period - Scott Laughton wins face-off versus Dylan Larkin in MINNESOTA Wild zone.
5:48 of 3rd period - Icing by Jordan Greenway.
5:49 of 3rd period - Scott Laughton wins face-off versus Dylan Larkin in MINNESOTA Wild zone.
6:07 of 3rd period - Shot by Dylan Larkin.
6:07 of 3rd period - Stopped by Scott Wedgewood with a rebound.
6:09 of 3rd period - Shot by Dylan Larkin.
6:09 of 3rd period - Shot Misses the Net.
6:11 of 3rd period - Shot by Brendan Gallagher.
6:11 of 3rd period - Deflect By Jesper Bratt.
6:11 of 3rd period - Stopped by Scott Wedgewood with a rebound.
6:21 of 3rd period - Dylan Larkin is hit by Jordan Greenway.
7:29 of 3rd period - Icing by Phillip Danault.
7:30 of 3rd period - Kyle Connor wins face-off versus Phillip Danault in ST. LOUIS Blues zone.
7:45 of 3rd period - Ryan Murray is hit by Jonas Brodin.
7:51 of 3rd period - Shot by Kyle Connor.
7:51 of 3rd period - Stopped by Mackenzie Blackwood without a rebound.
7:52 of 3rd period - Frank Vatrano wins face-off versus Chris Tierney in ST. LOUIS Blues zone.
7:53 of 3rd period - Shot by Will Butcher.
7:53 of 3rd period - Stopped by Mackenzie Blackwood with a rebound.
7:55 of 3rd period - Shot by Victor Mete.
7:55 of 3rd period - Stopped by Mackenzie Blackwood without a rebound.
7:56 of 3rd period - Chris Tierney wins face-off versus Frank Vatrano in ST. LOUIS Blues zone.
8:06 of 3rd period - Matthew Highmore is hit by Mike Matheson.
8:09 of 3rd period - Icing by Mike Matheson.
8:10 of 3rd period - Dylan Larkin wins face-off versus Danton Heinen in MINNESOTA Wild zone.
8:13 of 3rd period - Shot by Dylan Larkin.
8:13 of 3rd period - Deflect By Brendan Gallagher.
8:13 of 3rd period - Shot Misses the Net.
8:16 of 3rd period - Minor Penalty to Brendan Gallagher for Tripping.
8:17 of 3rd period - Phillip Danault wins face-off versus Jordan Eberle in ST. LOUIS Blues zone.
8:32 of 3rd period - Shot by Kyle Connor.
8:32 of 3rd period - Deflect By Danton Heinen.
8:32 of 3rd period - Stopped by Mackenzie Blackwood without a rebound.
8:33 of 3rd period - Phillip Danault wins face-off versus Frank Vatrano in ST. LOUIS Blues zone.
9:10 of 3rd period - Shot by Will Butcher.
9:10 of 3rd period - Stopped by Mackenzie Blackwood with a rebound.
9:12 of 3rd period - Shot by Nick Bjugstad.
9:12 of 3rd period - Stopped by Mackenzie Blackwood with a rebound.
9:47 of 3rd period - Shot by Kyle Connor.
9:47 of 3rd period - Stopped by Mackenzie Blackwood with a rebound.
10:18 of 3rd period - Icing by Ty Smith.
10:19 of 3rd period - Dylan Larkin wins face-off versus Scott Laughton in MINNESOTA Wild zone.
10:20 of 3rd period - Shot by Jesper Bratt.
10:20 of 3rd period - Stopped by Scott Wedgewood without a rebound.
10:21 of 3rd period - Scott Laughton wins face-off versus Dylan Larkin in MINNESOTA Wild zone.
10:26 of 3rd period - Shot by Jordan Greenway.
10:26 of 3rd period - Shot Misses the Net.
10:37 of 3rd period - Shot by Tyler Toffoli.
10:37 of 3rd period - Deflect By Scott Laughton.
10:37 of 3rd period - Shot Misses the Net.
10:39 of 3rd period - Shot by Scott Laughton.
10:39 of 3rd period - Shot Blocked by Brendan Gallagher.
10:41 of 3rd period - Shot by Scott Laughton.
10:41 of 3rd period - Stopped by Mackenzie Blackwood without a rebound.
10:42 of 3rd period - Kevin Rooney wins face-off versus Chris Tierney in ST. LOUIS Blues zone.
10:55 of 3rd period - Shot by Christian Dvorak.
10:55 of 3rd period - Stopped by Mackenzie Blackwood without a rebound.
10:56 of 3rd period - Dylan Larkin wins face-off versus Jordan Eberle in ST. LOUIS Blues zone.
10:58 of 3rd period - Icing by Zach Whitecloud.
10:59 of 3rd period - Jordan Eberle wins face-off versus Dylan Larkin in ST. LOUIS Blues zone.
10:59 of 3rd period - Minor Penalty to Zach Whitecloud for Cross-checking.
11:00 of 3rd period - Danton Heinen wins face-off versus Craig Smith in ST. LOUIS Blues zone.
11:32 of 3rd period - Shot by Ryan Murray.
11:32 of 3rd period - Shot Blocked by Jonas Brodin.
11:34 of 3rd period - Shot by Kyle Connor.
11:34 of 3rd period - Shot Misses the Net.
11:36 of 3rd period - Shot by Ryan Murray.
11:36 of 3rd period - Stopped by Mackenzie Blackwood without a rebound.
11:37 of 3rd period - Phillip Danault wins face-off versus Frank Vatrano in ST. LOUIS Blues zone.
12:24 of 3rd period - Shot by Gemel Smith.
12:24 of 3rd period - Stopped by Scott Wedgewood with a rebound.
12:29 of 3rd period - Icing by Frank Vatrano.
12:30 of 3rd period - Frank Vatrano wins face-off versus Gemel Smith in MINNESOTA Wild zone.
13:29 of 3rd period - Shot by Brendan Gallagher.
13:29 of 3rd period - Shot Misses the Net.
13:31 of 3rd period - Shot by Jesper Bratt.
13:31 of 3rd period - Stopped by Scott Wedgewood without a rebound.
13:32 of 3rd period - Chris Tierney wins face-off versus Scott Laughton in MINNESOTA Wild zone.
14:13 of 3rd period - Shot by Matthew Highmore.
14:13 of 3rd period - Stopped by Scott Wedgewood with a rebound.
15:02 of 3rd period - Shot by David Perron.
15:02 of 3rd period - Stopped by Scott Wedgewood without a rebound.
15:03 of 3rd period - Frank Vatrano wins face-off versus Dylan Larkin in MINNESOTA Wild zone.
15:08 of 3rd period - Brayden McNabb is hit by Frank Vatrano and loses puck.
15:34 of 3rd period - Danton Heinen is hit by Zach Whitecloud and loses puck.
15:37 of 3rd period - Shot by Frank Vatrano.
15:37 of 3rd period - Shot Blocked by Brayden McNabb.
15:39 of 3rd period - Shot by Danton Heinen.
15:39 of 3rd period - Shot Misses the Net.
15:41 of 3rd period - Shot by Frank Vatrano.
15:41 of 3rd period - Stopped by Mackenzie Blackwood with a rebound.
15:43 of 3rd period - Shot by Frank Vatrano.
15:43 of 3rd period - Goal by Frank Vatrano - MINNESOTA Wild : 3 - ST. LOUIS Blues : 3.
15:44 of 3rd period - Gemel Smith wins face-off versus Jordan Eberle in neutral zone.
17:46 of 3rd period - Shot by Brendan Gallagher.
17:46 of 3rd period - Shot Blocked by Tyler Toffoli.
17:48 of 3rd period - Shot by Dylan Larkin.
17:48 of 3rd period - Deflect By Brendan Gallagher.
17:48 of 3rd period - Stopped by Scott Wedgewood with a rebound.
17:50 of 3rd period - Shot by Dylan Larkin.
17:50 of 3rd period - Stopped by Scott Wedgewood without a rebound.
17:51 of 3rd period - Frank Vatrano wins face-off versus James Neal in MINNESOTA Wild zone.
18:05 of 3rd period - Minor Penalty to Matthew Highmore for Cross-checking.
18:06 of 3rd period - Phillip Danault wins face-off versus Jordan Eberle in ST. LOUIS Blues zone.
18:14 of 3rd period - Icing by Will Butcher.
18:15 of 3rd period - Phillip Danault wins face-off versus Jordan Eberle in MINNESOTA Wild zone.
18:19 of 3rd period - Icing by Ty Smith.
18:20 of 3rd period - Jordan Eberle wins face-off versus Phillip Danault in MINNESOTA Wild zone.
18:22 of 3rd period - Danton Heinen is hit by Phillip Danault and loses puck.
18:46 of 3rd period - Minor Penalty to Zach Whitecloud for Holding.
18:47 of 3rd period - Phillip Danault wins face-off versus Frank Vatrano in ST. LOUIS Blues zone.
18:47 of 3rd period - Phillip Danault is hit by Frank Vatrano.
19:08 of 3rd period - Off-side.
19:09 of 3rd period - Jordan Eberle wins face-off versus Phillip Danault in neutral zone.
Goals for this period are 1 for MINNESOTA Wild vs 1 for ST. LOUIS Blues .
Shots for this period are 14 for MINNESOTA Wild vs 11 for ST. LOUIS Blues .

Overtime #1


0:01 of 1st overtime period - Jordan Eberle wins face-off versus Phillip Danault in neutral zone.
0:03 of 1st overtime period - Off-side.
0:04 of 1st overtime period - Jordan Eberle wins face-off versus Phillip Danault in neutral zone.
0:15 of 1st overtime period - Shot by Jordan Greenway.
0:15 of 1st overtime period - Stopped by Mackenzie Blackwood with a rebound.
0:17 of 1st overtime period - Shot by Kevin Rooney.
0:17 of 1st overtime period - Shot Misses the Net.
0:19 of 1st overtime period - Shot by Jordan Greenway.
0:19 of 1st overtime period - Shot Blocked by Justin Schultz.
0:21 of 1st overtime period - Shot by Jordan Greenway.
0:21 of 1st overtime period - Shot Misses the Net.
0:23 of 1st overtime period - Shot by Kevin Rooney.
0:23 of 1st overtime period - Shot Blocked by Justin Schultz.
0:27 of 1st overtime period - Shot by Jordan Greenway.
0:27 of 1st overtime period - Stopped by Mackenzie Blackwood with a rebound.
0:31 of 1st overtime period - Shot by Kevin Rooney.
0:31 of 1st overtime period - Shot Blocked by Justin Schultz.
0:33 of 1st overtime period - Shot by Kevin Rooney.
0:33 of 1st overtime period - Shot Misses the Net.
0:35 of 1st overtime period - Shot by Kevin Rooney.
0:35 of 1st overtime period - Stopped by Mackenzie Blackwood without a rebound.
0:36 of 1st overtime period - Scott Laughton wins face-off versus Phillip Danault in ST. LOUIS Blues zone.
0:39 of 1st overtime period - Shot by Scott Laughton.
0:39 of 1st overtime period - Deflect By Marko Dano.
0:39 of 1st overtime period - Shot Misses the Net.
0:45 of 1st overtime period - Shot by Marko Dano.
0:45 of 1st overtime period - Deflect By Scott Laughton.
0:45 of 1st overtime period - Shot Misses the Net.
0:55 of 1st overtime period - Shot by Chris Tierney.
0:55 of 1st overtime period - Stopped by Scott Wedgewood with a rebound.
0:57 of 1st overtime period - Shot by Chris Tierney.
0:57 of 1st overtime period - Shot Misses the Net.
1:24 of 1st overtime period - Icing by Jesper Bratt.
1:25 of 1st overtime period - Chris Tierney wins face-off versus Kevin Rooney in ST. LOUIS Blues zone.
1:43 of 1st overtime period - Icing by Mike Matheson.
1:44 of 1st overtime period - Kevin Rooney wins face-off versus Chris Tierney in MINNESOTA Wild zone.
1:49 of 1st overtime period - Shot by Kevin Rooney.
1:49 of 1st overtime period - Stopped by Mackenzie Blackwood without a rebound.
1:50 of 1st overtime period - Jordan Eberle wins face-off versus Chris Tierney in ST. LOUIS Blues zone.
1:57 of 1st overtime period - Shot by Jordan Eberle.
1:57 of 1st overtime period - Goal by Jordan Eberle - MINNESOTA Wild : 4 - ST. LOUIS Blues : 3.
Goals for this period are 1 for MINNESOTA Wild vs 0 for ST. LOUIS Blues .
Shots for this period are 5 for MINNESOTA Wild vs 1 for ST. LOUIS Blues .